 Dungeon Crawl Stone Soup version 0.26.0-10-g1f06aea511 (console) character file.

Game seed: 5052808100585267285

2474 doot the Sneak (level 9, -3/54 HPs)
             Began as an Octopode Earth Elementalist on Feb 8, 2021.
             Was a Believer of Vehumet.
             Slain by Psyche
             ... wielding a +2 dagger of distortion
              (15 damage)
             ... on level 7 of the Dungeon.
             The game lasted 00:15:10 (8889 turns).

doot the Sneak (Octopode Earth Elementalist)        Turns: 8889, Time: 00:15:11

Health: -3/54      AC:  5    Str:  7    XL:     9   Next: 51%
Magic:  6/18       EV: 14    Int: 21    God:    Vehumet [**....]
Gold:   480        SH:  5    Dex: 12    Spells: 5/20 levels left

rFire    . . .     SeeInvis .   C - +0 rapier
rCold    + . .     Faith    .   (no shield)
rNeg     . . .     Spirit   .   (helmet restricted)
rPois    +         Reflect  +   F - amulet of reflection
rElec    .         Harm     .   h - ring of poison resistance
rCorr    .         Rampage  .   v - ring of protection from cold
Will     .....                  H - +4 ring of protection
Stlth    ++++......             (no ring)
HPRegen  0.18/turn              (no ring)
MPRegen  0.16/turn              (no ring)
                                (no ring)
                                (no ring)

@: very slightly contaminated, invisible
A: almost no armour, stealthy swim, amphibious, 8 rings, constrict 8, camouflage
1, gelatinous body 1
a: Renounce Religion


You were on level 7 of the Dungeon.
You worshipped Vehumet.
Vehumet was pleased with you.
You visited 1 branch of the dungeon, and saw 8 of its levels.

You collected 480 gold pieces.

Inventory:

Hand Weapons
 g - a +0 dagger
 C - a +0 rapier (weapon)
Missiles
 b - 133 stones
Jewellery
 h - a ring of poison resistance (left tentacle)
 p - an uncursed amulet of regeneration
 v - a ring of protection from cold (right tentacle)
 F - an amulet of reflection (around mantle)
 G - an uncursed amulet of magic regeneration {unknown}
 H - a +4 ring of protection (on tentacle)
Wands
 q - a wand of random effects (6)
 y - a wand of iceblast (9)
Scrolls
 a - 8 scrolls of identify {unknown}
 e - a scroll of blinking {unknown}
 f - a scroll of noise {unknown}
 i - 3 scrolls of fog {unknown}
 r - 5 scrolls of teleportation {unknown}
 u - 5 scrolls of remove curse {unknown}
 x - a scroll of random uselessness {unknown}
 A - a scroll of fear {unknown}
 B - a scroll of amnesia {unknown}
 D - a scroll of magic mapping {unknown}
 E - 3 scrolls of enchant armour {unknown}
Potions
 c - 2 potions of curing {unknown}
 d - a potion of ambrosia
 j - a potion of cancellation {unknown}
 k - 2 potions of heal wounds {unknown}
 l - a potion of might {unknown}
 m - a potion of berserk rage {unknown}
 o - 2 potions of brilliance {unknown}
 s - a potion of lignification {unknown}
 t - a potion of mutation {unknown}
 w - 2 potions of flight {unknown}
 z - 2 potions of haste {unknown}


   Skills:
 + Level 1.7 Fighting
 + Level 3.5 Short Blades
 + Level 3.2 Dodging
 + Level 7.6 Stealth
 + Level 0.1 Unarmed Combat
 + Level 6.4 Spellcasting
 + Level 2.9 Conjurations
 + Level 1.3 Transmutations
 + Level 7.5 Earth Magic
 + Level 1.3 Evocations


You had 5 spell levels left.
You knew the following spells:

 Your Spells              Type           Power        Failure   Level
a - Sandblast             Erth           76%          1%          1
b - Passwall              Tmut/Erth      20%          2%          2
c - Stone Arrow           Conj/Erth      56%          3%          3
d - Lee's Rapid Deconstr  Erth           19%          12%         5
e - Petrify               Tmut/Erth      25%          16%         4

Your spell library contained the following spells:

 Spells                   Type           Power        Failure   Level
 Searing Ray              Conj           38%          4%          2
 Confusing Touch          Hex            6%           28%         3
 Gell's Gravitas          Tloc           3%           28%         3
 Yara's Violent Unravell  Hex/Tmut       4%           89%         5
 Metabolic Englaciation   Hex/Ice        3%           95%         5


Dungeon Overview and Level Annotations

Branches:
Dungeon (8/15)             Temple (0/1) D:6
   Lair: D:8-11

Altars:
Cheibriados
Dithmenos
Elyvilon
Fedhas
Gozag
Makhleb
Nemelex Xobeh
Trog
Uskayaw
Vehumet
Yredelemnul

Annotations:
D:8 Psyche


Innate Abilities, Weirdness & Mutations

You cannot wear most types of armour.
You are very stealthy in the water. (Stealth+)
You are amphibious.
You can wear up to eight rings at the same time.
You can use your tentacles to constrict eight enemies at once.
Your skin changes colour to match your surroundings (Stealth+).
Your rubbery body absorbs attacks. (AC +1, EV +1)


Message History

Deactivating autopickup; reactivate with Ctrl-A.
Things that are here:
a +0 dagger; a +0 robe; an orc skeleton
There is a stone staircase leading up, spattered with blood here.
Something hits you but does no damage. Space bends around you!
Something hits you but does no damage. Space warps horribly around you!
You climb upwards.
Reactivating autopickup.
There is a stone staircase leading down here.
Things that are here:
12 bolts; a +0 hand crossbow You start resting.
You hear some strange, mumbled words.
A puff of frost appears from out of thin air!
Deactivating autopickup; reactivate with Ctrl-A.
The puff of frost hits you. You resist.
* * * LOW HITPOINT WARNING * * *
Something hits you.
* * * LOW HITPOINT WARNING * * *
Space warps horribly around you!
You die...

##################
########.......).........
#...............#########
#.######.######.#
#....)##.####...# ###
#...##.....##.### #### #.#
#....[..@.....########..[
#.###......#>............'...
#...#..#####.#.###########...
#.#.#.))...#.#.# ####
#...#..###.#.#.# #.#.#..#
#.#.#.# #.#.#..# #.#.#'###
#.#.#..###.#.....#
#.#.#............#
#.#.##.###.##....#
#.#.##...........#


There were no monsters in sight!

Vanquished Creatures
  Grinder (D:4)
  2 orc warriors
  A sky beast (D:7)
  4 ice beasts
  4 ogres
  2 centaurs
  2 big kobolds
  A bullfrog (D:5)
  A jelly (D:6)
  A centaur zombie (D:5)
  A centaur skeleton (D:6)
  2 hounds
  3 orc priests
  6 orc wizards
  2 bullfrog skeletons
  An iguana (D:6)
  7 worker ants
  2 hound zombies
  A hound skeleton (D:5)
  4 gnolls (D:4)
  8 adders
  A shadow imp (D:7)
  A white imp (D:5)
  An ufetubus (D:6)
  An adder skeleton (D:4)
  A dart slug (D:4)
  3 leopard geckos
  26 orcs
  A ball python (D:1)
  5 giant cockroaches
  2 goblins
  5 hobgoblins
  A quokka (D:7)
  2 bats (D:2)
  A frilled lizard (D:4)
  A jackal skeleton (D:5)
  14 kobolds
  A quokka skeleton (D:5)
  A quokka zombie (D:6)
  9 rats
133 creatures vanquished.

Notes
Turn   | Place    | Note
-------+----------+-------------------------------------------
     0 | D:1      | doot the Octopode Earth Elementalist began the quest for
                  | the Orb.
     0 | D:1      | Reached XP level 1. HP: 11/11 MP: 3/3
   348 | D:1      | Reached XP level 2. HP: 17/17 MP: 3/5
   758 | D:1      | Learned a level 2 spell: Passwall
  1701 | D:2      | Reached XP level 3. HP: 12/21 MP: 0/6
  2050 | D:2      | Found a radiant altar of Vehumet.
  2051 | D:2      | Found a basalt altar of Yredelemnul.
  2051 | D:2      | Found a snail-covered altar of Cheibriados.
  2051 | D:2      | Found a bloodstained altar of Trog.
  2059 | D:2      | Found a hide-covered altar of Uskayaw.
  2059 | D:2      | Found a white marble altar of Elyvilon.
  2276 | D:2      | Became a worshipper of Vehumet
  2537 | D:2      | Found an opulent altar of Gozag.
  2680 | D:3      | Found a sparkling altar of Nemelex Xobeh.
  2789 | D:3      | Learned a level 3 spell: Stone Arrow
  2819 | D:3      | Reached XP level 4. HP: 27/27 MP: 7/7
  3023 | D:4      | Noticed an ogre
  3573 | D:4      | Killed an ogre
  3574 | D:4      | Reached XP level 5. HP: 31/31 MP: 7/9
  3795 | D:4      | Reached XP level 6. HP: 19/36 MP: 0/10
  4058 | D:4      | Learned a level 5 spell: Lee's Rapid Deconstruction
  4119 | D:4      | Reached * piety under Vehumet
  4119 | D:4      | Offered knowledge of Freeze by Vehumet.
  4261 | D:4      | Reached skill level 5 in Stealth
  4293 | D:4      | Noticed Grinder
  4304 | D:4      | Killed Grinder
  4305 | D:4      | Reached skill level 1 in Short Blades
  4305 | D:4      | Reached skill level 1 in Conjurations
  4305 | D:4      | Reached skill level 5 in Earth Magic
  4305 | D:4      | Reached skill level 1 in Evocations
  4305 | D:4      | Reached XP level 7. HP: 25/42 MP: 4/13
  4547 | D:4      | Found a burning altar of Makhleb.
  4688 | D:5      | Entered Level 5 of the Dungeon
  5380 | D:5      | Reached XP level 8. HP: 39/47 MP: 2/15
  5938 | D:5      | Learned a level 4 spell: Petrify
  6044 | D:5      | Reached skill level 5 in Spellcasting
  6115 | D:5      | Reached skill level 1 in Fighting
  6398 | D:6      | Found a shadowy altar of Dithmenos.
  6905 | D:6      | Reached XP level 9. HP: 30/53 MP: 0/17
  7386 | D:6      | Found a staircase to the Ecumenical Temple.
  7872 | D:7      | Reached ** piety under Vehumet
  7872 | D:7      | Offered knowledge of Searing Ray by Vehumet.
  8093 | D:7      | Found a blossoming altar of Fedhas.
  8395 | D:7      | Found a radiant altar of Vehumet.
  8858 | D:8      | Noticed Psyche
  8889 | D:7      | Slain by Psyche

Illustrated notes

Levels and vault maps discovered:
D:1:      lightli_molten_gateway, layout_basic, chequers_serial_rivers_micro_a,
          lemuel_flame_loot_1
D:2:      layout_rooms, minmay_overflow_temple_hex,
          nicolae_overflow_hidden_temple
D:3:      layout_loops_ring, overflow_temple_1_default
D:4:      layout_basic, lemuel_round_altar, uniq_grinder
D:5:      layout_gridville
D:6:      layout_rooms, temple_green, nicolae_dithmenos_shadow_blocks
D:7:      layout_basic, fedhas_ov_isle_minmay, basic_altar,
          chequers_serial_rivers_micro_e
D:8:      layout_basic, basic_altar, uniq_psyche

Skill      XL: |  1  2  3  4  5  6  7  8  9 |
---------------+----------------------------+-----
Stealth        | 3 4 5 6 7 |  7.6
Spellcasting   | 3 4 5 6 |  6.4
Earth Magic    | 4 5 6 7 |  7.5
Short Blades   | 1 2 3 |  3.5
Conjurations   | 1 2 |  2.9
Evocations     | 1 |  1.3
Fighting       | 1 |  1.7
Dodging        | 3 |  3.2
Unarmed Combat | |  0.1
Transmutations | |  1.3

Action                   |  1- 3 |  4- 6 |  7- 9 || total
-------------------------+-------+-------+-------++-------
Melee: Dagger            |    15 |    19 |    43 ||    77
       Unarmed           |     5 |       |       ||     5
       Constrict         |     7 |     6 |    20 ||    33
       Tentacles         |     3 |     3 |    17 ||    23
       Rapier            |       |       |    63 ||    63
 Cast: Sandblast         |    32 |    27 |    36 ||    95
       Stone Arrow       |       |    12 |    46 ||    58
       Passwall          |       |       |     2 ||     2
       Lee's Rapid Decon |       |       |    11 ||    11
       Petrify           |       |       |    10 ||    10
Evoke: Wand              |       |     9 |     4 ||    13
  Use: Potion            |     1 |       |     1 ||     2
 Stab: Sleeping          |     3 |     1 |    14 ||    18
       Petrified         |       |       |    15 ||    15
Armor: Skin              |     4 |       |     7 ||    11
Dodge: Dodged            |    11 |     7 |    65 ||    83
Block: Other             |       |       |     2 ||     2
